 Dungeon Crawl Stone Soup version 0.32-a0-928-g1cae6b7ea0 (webtiles) character file.

Game seed: 932998500528008799

55361 TobyConnect the Thaumaturge (level 14, -8/105 (108) HPs)
             Began as a Demonspawn Conjurer on Apr 12, 2024.
             Was an Initiate of Gozag.
             Mangled by a +2 quarterstaff of chaos (21 damage)
             ... on level 2 of the Orcish Mines.
             The game lasted 01:16:47 (29089 turns).

TobyConnect the Thaumaturge (Demonspawn Conjurer)  Turns: 29089, Time: 01:16:48

HP:   -8/105 (108)  AC: 17    Str:  9    XL:     14   Next: 38%
MP:   0/29          EV: 16    Int: 37    God:    Gozag
Gold: 683           SH:  0    Dex: 12    Spells: 8/36 levels left

rFire   + + .        K - staff of Ibbiamuip {rPois rC+ Will+ Str+2 Int+5 Alchemy}
rCold   + + +        (no shield)
rNeg    . . .        b - +2 robe {rF+}
rPois   +            B - +1 helmet "Yzusir" {rF+ rC+ Will+}
rElec   .            U - +2 cloak {Will+}
rCorr   .            g - +0 pair of gloves
SInv    +            O - +2 pair of boots {Fly}
Will    ++++.        a - amulet of magic regeneration
Stlth   ++           m - ring "Fuliun" {Int+8 SInv}
HPRegen 0.37/turn    h - ring of wizardry
MPRegen 0.82/turn

%: guardian spirit, wizardry (x1)
@: flying, studying Ice Magic, lightly drained
A: hooves 2, icy blue scales 3, powered by death 3, magic shield, magic
regeneration
a: Renounce Religion, Potion Petition, Call Merchant, Bribe Branch


You were on level 2 of the Orcish Mines.
You worshipped Gozag.
Gozag was pleased with you.
You visited 4 branches of the dungeon, and saw 18 of its levels.
You also visited: Sewer and Ice Cave.

You collected 6250 gold pieces.
You spent 2558 gold pieces at shops.
You paid 3009 gold pieces to Gozag.

Inventory:

Hand Weapons
 N - a +2 dagger of speed
Missiles
 G - 3 throwing nets
Armour
 b - a +2 robe of fire resistance (worn)
 g - a +0 pair of gloves (worn)
 y - the +4 ring mail of Laonaps {Int+6 Slay-2 Stlth+}
   (You found it on level 4 of the Dungeon)

   Int+6:     It affects your intelligence (+6).
   Slay-2:    It affects your accuracy & damage with ranged weapons and melee
   (-2).
   Stlth+:    It makes you more stealthy.
 B - the +1 helmet "Yzusir" (worn) {rF+ rC+ Will+}
   (You found it on level 5 of the Dungeon)

   rF+:       It protects you from fire.
   rC+:       It protects you from cold.
   Will+:     It increases your willpower.
 O - a +2 pair of boots of flying (worn)
 U - a +2 cloak of willpower (worn)
 X - the +3 leather armour of the Other Side {Rampage Fly rN+ Int+3}
   (You bought it in a shop on level 10 of the Dungeon)

   Int+3:     It affects your intelligence (+3).
   rN+:       It protects you from negative energy.
   Fly:       It grants you flight.
   Rampage:   It bestows one free step when moving towards enemies.
Magical Staves
 i - a staff of air
 K - the staff of Ibbiamuip (weapon) {rPois rC+ Will+ Str+2 Int+5 Alchemy}
   (You found it on level 2 of the Orcish Mines)

   [staff of alchemy]

   Base accuracy: +5 Base damage: 5 Base attack delay: 1.2 This weapon's minimum
   attack delay (0.6) is reached at skill level 12.
   Str+2:     It affects your strength (+2).
   Int+5:     It affects your intelligence (+5).
   rC+:       It protects you from cold.
   rPois:     It protects you from poison.
   Will+:     It increases your willpower.
   Alchemy:   It increases the power of your Alchemy spells.
   It falls into the 'Staves' category.
   It is a one-handed weapon.
Jewellery
 a - an amulet of magic regeneration (around neck)
 c - a +6 ring of intelligence
 h - a ring of wizardry (right hand)
 m - the ring "Fuliun" (left hand) {Int+8 SInv}
   (You bought it in a shop on level 2 of the Orcish Mines)

   [ring of see invisible]

   Int+8:     It affects your intelligence (+8).
   SInv:      It lets you see invisible.
 C - a ring of poison resistance
 F - a ring of wizardry
 W - a ring of protection from fire
Wands
 l - a wand of flame (32)
 Q - a wand of warping (12)
 R - a wand of digging (4)
 S - a wand of paralysis (7)
 T - a wand of mindburst (8)
Scrolls
 d - 3 scrolls of amnesia
 e - 6 scrolls of enchant armour
 f - 5 scrolls of teleportation
 j - 4 scrolls of fear
 k - a scroll of enchant weapon
 n - 2 scrolls of immolation
 o - 5 scrolls of poison
 p - 4 scrolls of butterflies
 q - a scroll of acquirement {unknown}
 s - 3 scrolls of revelation
 v - 5 scrolls of vulnerability
 w - 2 scrolls of brand weapon {unknown}
 I - 3 scrolls of noise
 J - 3 scrolls of torment
 Z - a scroll of blinking {unknown}
Potions
 t - a potion of heal wounds
 u - 2 potions of degeneration {unknown}
 x - 2 potions of lignification {unknown}
 z - 3 potions of attraction {unknown}
 A - 4 potions of curing
 D - a potion of resistance {unknown}
 E - a potion of berserk rage {unknown}
 H - 2 potions of might {unknown}
 M - a potion of brilliance {unknown}
 P - 2 potions of cancellation {unknown}
 V - 2 potions of haste
 Y - a potion of ambrosia {unknown}
Miscellaneous
 r - a condenser vane


   Skills:
 + Level 9.2 Fighting
 * Level 11.7 Dodging
 - Level 1.7 Stealth
 * Level 11.8 Spellcasting
 - Level 10.5 Conjurations
 * Level 8.8 Fire Magic
 * Level 8.4 Air Magic


You had 8 spell levels left.
You knew the following spells:

 Your Spells              Type           Power      Damage    Failure   Level
a - Magic Dart            Conj           100%       1d8       0%          1
b - Searing Ray           Conj           100%       2d8       1%          2
c - Iskenderun's Battles  Conj           79%        2d13      1%          5
d - Fireball              Conj/Fire      38%        3d16      1%          5
e - Freezing Cloud        Conj/Ice/Air   31%        6-21      1%          5
f - Plasma Beam           Fire/Air       36%        2x1d49    3%          6
g - Flame Wave            Conj/Fire      76%        2d17      1%          4

Your spell library contained the following spells:

 Spells                   Type           Power      Damage    Failure   Level
 Blink                    Tloc           42%        N/A       1%          2
 Call Imp                 Summ           42%        N/A       1%          2
 Cigotuvi's Dreadful Rot  Necr/Alch/Air  100%       N/A       1%          2
 Lesser Beckoning         Tloc           42%        N/A       1%          2
 Inner Flame              Hex/Fire       53%        N/A       1%          3
 Brom's Barrelling Bould  Conj/Erth      57%        2d7       1%          4
 Fulminant Prism          Conj/Alch      37%        3d17      1%          4
 Ignite Poison            Fire/Alch      69%        N/A       1%          4
 Iskenderun's Mystic Bla  Conj/Tloc      57%        2d12      (+2d61%     4
 Sticky Flame             Fire/Alch      69%        2d11      1%          4
 Vhi's Electric Charge    Tloc/Air       100%       N/A       1%          4
 Arcjolt                  Conj/Air       37%        1d47      1%          5
 Frozen Ramparts          Ice            42%        1d7       2%          3
 Maxwell's Portable Pile  Tloc           21%        2d(7-19)  2%          3
 Ozocubu's Armour         Ice            21%        N/A       2%          3
 Teleport Other           Tloc           21%        N/A       2%          3
 Conjure Ball Lightning   Conj/Air       37%        3x3d12    2%          6
 Orb of Destruction       Conj           39%        9d11      9%          7
 Metabolic Englaciation   Hex/Ice        10%        N/A       21%         5
 Maxwell's Capacitive Co  Air            35%        ∞         78%         8
 Malign Gateway           Summ/Tloc      10%        N/A       99%         7
 Summon Horrible Things   Summ           10%        N/A       100%        8


Dungeon Overview and Level Annotations

Branches:
Dungeon (13/15)            Temple (1/1) D:4            Lair (2/5) D:10
    Orc (2/2) D:11            Elf (0/3) Orc:2         Sewer (visited)
  IceCv (visited)
  Swamp: Lair:2-3    Shoals: Lair:2-3     Snake: Lair:2-3    Spider: Lair:2-3
 Vaults: D:13-14

Altars:
Ashenzari
Cheibriados
Dithmenos
Fedhas
Gozag
Hepliaklqana
Kikubaaqudgha
Makhleb
Nemelex Xobeh
Okawaru
Qazlal
Ru
Sif Muna
Trog
Uskayaw
Vehumet
Wu Jian
Xom
Yredelemnul

Shops:
D:2 =   D:3 :   D:4 (   D:10 [   Orc:2 *!====!

Annotations:
D:4 exclusion: oklob plant
D:6 exclusion: downstairs
D:12 6 transporters


Innate Abilities, Weirdness & Mutations

You have hoof-like feet.
You are completely covered in icy blue scales. (AC +4, rC+)
You regenerate a lot of health from kills.
When hurt, damage is shared between your health and your magic reserves.
You regenerate magic rapidly.


Message History

The searing ray hits the +2 quarterstaff of chaos.
The +2 quarterstaff of chaos is lightly damaged.
The +2 quarterstaff of chaos hits you! The +2 quarterstaff of chaos hits you.
You are poisoned.
The searing ray hits the +2 quarterstaff of chaos!
The +2 quarterstaff of chaos is heavily damaged.
You finish channelling your searing ray.
You feel very sick. The +2 quarterstaff of chaos hits you.
The searing ray hits the +2 quarterstaff of chaos but does no damage.
The +2 quarterstaff of chaos is heavily damaged. (Press . to maintain the ray.)
You feel very sick.
The +2 quarterstaff of chaos hits you but does no damage.
The +2 quarterstaff of chaos hits you.
The searing ray hits the +2 quarterstaff of chaos!
The +2 quarterstaff of chaos is severely damaged.
You feel sick. The +2 quarterstaff of chaos hits you.
You convulse!
The +2 quarterstaff of chaos closely misses you.
You are too injured to fight recklessly!
You are too injured to fight recklessly!
You are too injured to fight recklessly!
You are too injured to fight recklessly!
Unknown command.
The searing ray hits the +2 quarterstaff of chaos but does no damage.
The +2 quarterstaff of chaos is severely damaged.
You feel sick. The +2 quarterstaff of chaos hits you.
The +2 quarterstaff of chaos hits you but does no damage.
The searing ray misses the +2 quarterstaff of chaos.
You finish channelling your searing ray.
You feel sick. The +2 quarterstaff of chaos hits you!!
* * * LOW HITPOINT WARNING * * *
The +2 quarterstaff of chaos burns you.
* * * LOW HITPOINT WARNING * * *
Unknown command.
You feel better. The +2 quarterstaff of chaos hits you!!
* * * LOW HITPOINT WARNING * * *
You convulse!!
You die...
Your body crumbles into a pile of gold.

##.#.....).....##......
#.......)).............
####......[#...........#.
##.......<..##..........#.
#.##.....[#####.........##
#####......# ###..........
#.#..(..###.....#.....#
#.##..().......##.....[
#####.@)........###....
#...........# #....
##.........## #....
#.#.......## #....
###......## ####...
#....### #..#).. ##..##
###...... ##.## ##......)#
##.).###....[...#


You could see a +2 quarterstaff of chaos.

Vanquished Creatures
  Gastronok (Lair:2)
  A reaper (IceCv)
  The ghost of ParallaxScroll the Severer, a journeyman MDFi of Makhleb (Orc:1)
  Snorg (Orc:2)
  5 hydras
  2 ogre magi (Orc:2)
  Erica (D:11)
  10 two-headed ogres
  A centaur warrior (D:8)
  Nergalle (D:11)
  Amaemon (Lair:2)
  2 deep trolls (Orc:2)
  An ugly thing (D:13)
  5 cyclopes
  3 orc sorcerers
  Maurice (D:11)
  8 elephants
  A manticore (D:11)
  16 slime creatures
  2 ice statues (IceCv)
  A kobold blastminer (Orc:2)
  A gargoyle (D:12)
  2 kobold demonologists
  5 cane toads
  An orange demon (Lair:2)
  A rime drake (Lair:1)
  An anaconda simulacrum (IceCv)
  6 ice devils (IceCv)
  4 komodo dragons
  A tengu conjurer (D:8)
  11 trolls
  5 hornets
  A polar bear (Lair:2)
  A jumping spider (shapeshifter) (D:13)
  Prince Ribbit (D:5)
  42 yaks
  A wraith (D:7)
  2 wyverns
  4 dire elephant simulacra (IceCv)
  4 basilisks
  3 steam dragons
  4 harpy simulacra (IceCv)
  2 death yak simulacra
  A hydra simulacrum (IceCv)
  An acid dragon (D:11)
  6 water moccasins
  10 orc warriors
  3 sky beasts
  2 ice beasts (D:5)
  5 black bears
  2 laughing skulls (D:12)
  23 ogres
  8 centaurs
  4 kobold brigands
  3 phantoms
  2 brain worms (Sewer)
  6 bullfrogs
  A gnoll sergeant (D:8)
  4 scorpions
  2 cane toad simulacra (IceCv)
  10 wights
  An elephant simulacrum (Lair:1)
  12 killer bees
  6 electric eels (D:10)
  7 howler monkeys
  14 orc priests
  A bombardier beetle (D:3)
  4 jellies
  A gnoll bouda (D:6)
  A hound (D:6)
  3 iguanas
  20 orc wizards
  6 hell rats (Lair:2)
  2 spriggan simulacra (IceCv)
  13 gnolls
  10 adders
  3 river rats (Sewer)
  4 white imps
  A dart slug (D:3)
  3 ribbon worms
  86 orcs
  9 endoplasms
  2 giant cockroaches
  7 hobgoblins
  5 jackals (Sewer)
  2 quokkas
  7 ball pythons
  5 bats
  9 frilled lizards
  4 goblins
  14 kobolds
  9 rats
  A spectral orc (D:9)
533 creatures vanquished.

Vanquished Creatures (others)
  A bullfrog (D:6)
  A wight (D:6)
2 creatures vanquished.

Grand Total: 535 creatures vanquished

Notes
Turn   | Place    | Note
-------+----------+-------------------------------------------
     0 | D:1      | TobyConnect the Demonspawn Conjurer began the quest for the
                  | Orb.
     0 | D:1      | Reached XP level 1. HP: 13/13 MP: 3/3
   281 | D:1      | Gained mutation: You regenerate a little health from kills.
                  | [demonic ancestry]
   281 | D:1      | Reached XP level 2. HP: 8/20 MP: 0/5
   407 | D:1      | Learned a level 2 spell: Searing Ray
  1003 | D:2      | Gained mutation: You have large cloven feet. [demonic
                  | ancestry]
  1003 | D:2      | Reached XP level 3. HP: 25/25 MP: 2/6
  1364 | D:2      | Reached skill level 1 in Fighting
  2105 | D:3      | Found a glowing drain.
  2110 | Sewer    | Entered a sewer
  2196 | Sewer    | Reached XP level 4. HP: 32/32 MP: 4/8
  2240 | Sewer    | Noticed a kobold brigand
  2253 | Sewer    | Killed a kobold brigand
  2254 | Sewer    | Gained mutation: You are partially covered in icy blue
                  | scales. (AC +2) [demonic ancestry]
  2254 | Sewer    | Reached XP level 5. HP: 8/37 MP: 0/9
  3158 | Sewer    | Reached skill level 5 in Conjurations
  3354 | Sewer    | Gained mutation: You regenerate health from kills. [demonic
                  | ancestry]
  3354 | Sewer    | Reached XP level 6. HP: 17/44 MP: 0/11
  4288 | D:4      | Found the +3 Mad Mage's Maulers {Infuse+∞ VampMP -Cast}
  4313 | D:4      | Identified the +4 ring mail of Laonaps {Int+6 Slay-2
                  | Stlth+}
  4914 | D:4      | Gained mutation: You regenerate a lot of health from kills.
                  | [demonic ancestry]
  4914 | D:4      | Reached XP level 7. HP: 51/51 MP: 9/13
  4929 | D:4      | Learned a level 5 spell: Iskenderun's Battlesphere
  5187 | D:4      | Found a staircase to the Ecumenical Temple.
  5196 | Temple   | Entered the Ecumenical Temple
  5214 | Temple   | Became a worshipper of Gozag Ym Sagoz the Greedy
  5345 | D:4      | Found a shimmering altar of Xom.
  5477 | D:4      | Found a blossoming altar of Fedhas.
  5495 | D:4      | Noticed an oklob plant
  6241 | D:4      | Found Veov's Weapon Shoppe.
  6434 | D:5      | Entered Level 5 of the Dungeon
  6756 | D:5      | Identified the +1 helmet "Yzusir" {rF+ rC+ Will+}
  7145 | D:5      | Noticed Prince Ribbit
  7153 | D:5      | Killed Prince Ribbit
  7310 | D:5      | Found a snail-covered altar of Cheibriados.
  7348 | D:5      | Reached XP level 8. HP: 54/58 MP: 6/15
  7471 | D:5      | Reached skill level 5 in Dodging
  7471 | D:5      | Reached skill level 5 in Spellcasting
  7932 | D:6      | Found an iron altar of Okawaru.
  8547 | D:6      | Found a radiant altar of Vehumet.
  9180 | D:7      | Gained mutation: You regenerate magic rapidly. [demonic
                  | ancestry]
  9180 | D:7      | Reached XP level 9. HP: 63/65 MP: 8/18
  9257 | D:7      | Found an ornate altar of the Wu Jian Council.
  9348 | D:7      | Reached skill level 1 in Fire Magic
  9741 | D:7      | Reached skill level 5 in Fighting
 10276 | D:2      | Bought a ring of wizardry for 360 gold pieces
 10284 | D:2      | Learned a level 5 spell: Fireball
 11155 | D:8      | Found a sacrificial altar of Ru.
 11285 | D:8      | Gained mutation: You are mostly covered in icy blue scales.
                  | (AC +3) [demonic ancestry]
 11285 | D:8      | Reached XP level 10. HP: 52/74 MP: 6/20
 11413 | D:8      | Noticed a cyclops
 11415 | D:8      | Noticed a cyclops
 11540 | D:8      | Reached skill level 1 in Air Magic
 11595 | D:8      | Killed a cyclops
 11699 | D:8      | Killed a cyclops
 12275 | D:8      | Noticed a two-headed ogre
 12280 | D:8      | Killed a two-headed ogre
 12522 | D:8      | Noticed a centaur warrior
 12530 | D:8      | Killed a centaur warrior
 13082 | D:9      | Gained mutation: You are completely covered in icy blue
                  | scales. (AC +4, rC+) [demonic ancestry]
 13082 | D:9      | Reached XP level 11. HP: 81/81 MP: 9/23
 13943 | D:9      | Found a hazy altar of Hepliaklqana.
 14058 | D:9      | Found a shimmering blue altar of Sif Muna.
 14373 | D:10     | Entered Level 10 of the Dungeon
 14455 | D:10     | Found a stormy altar of Qazlal.
 14470 | D:10     | Reached skill level 10 in Conjurations
 15395 | D:10     | Found a staircase to the Lair.
 15738 | D:10     | Found an ancient bone altar of Kikubaaqudgha.
 16271 | D:10     | Bought a runed cloak for 240 gold pieces
 16306 | D:11     | Noticed a sun demon
 16502 | D:11     | Found a staircase to the Orcish Mines.
 16558 | D:11     | Noticed Nergalle
 16560 | D:11     | Noticed Erica
 16583 | D:11     | Killed Erica
 16605 | D:11     | Reached XP level 12. HP: 43/91 MP: 1/25
 16773 | D:10     | Learned a level 5 spell: Freezing Cloud
 16794 | D:11     | Killed Nergalle
 16902 | D:10     | Bought a blackened leather armour for 224 gold pieces
 16902 | D:10     | Identified the +3 leather armour of the Other Side {Rampage
                  | Fly rN+ Int+3} (You bought it in a shop on level 10 of the
                  | Dungeon)
 16988 | D:11     | Noticed a two-headed ogre
 16994 | D:11     | Killed a two-headed ogre
 17730 | D:11     | Reached skill level 5 in Fire Magic
 18136 | D:12     | Noticed Maurice
 19001 | D:12     | Something stole 3 throwing nets
 19019 | D:11     | Something stole a +6 ring of intelligence
 19020 | D:11     | Something stole 2 throwing nets
 19021 | D:11     | Something stole a +1 vampiric falchion
 19022 | D:11     | Something stole 476 gold
 19028 | D:11     | Killed Maurice
 19251 | D:12     | Reached skill level 5 in Air Magic
 19671 | D:12     | Reached skill level 10 in Spellcasting
 19720 | D:12     | Found a transporter.
 19722 | D:12     | Found a transporter.
 19722 | D:12     | Found a transporter.
 20082 | D:12     | Found a transporter.
 20103 | D:12     | Found a transporter.
 20106 | D:12     | Found a transporter.
 20309 | D:13     | Reached skill level 10 in Dodging
 20357 | D:13     | Noticed a five-headed hydra
 20357 | D:13     | Noticed a rakshasa
 20385 | D:12     | Killed a five-headed hydra
 20524 | Orc:1    | Entered Level 1 of the Orcish Mines
 20582 | D:11     | Learned a level 6 spell: Plasma Beam
 21585 | Orc:2    | Entered Level 2 of the Orcish Mines
 21585 | Orc:2    | Noticed Snorg
 21590 | Orc:2    | Killed Snorg
 21885 | D:3      | Bought a book of Flames for 476 gold pieces
 21890 | D:3      | Learned a level 4 spell: Flame Wave
 22252 | Orc:2    | Noticed a two-headed ogre
 22256 | Orc:2    | Killed a two-headed ogre
 22485 | Orc:2    | Gained mutation: When hurt, damage is shared between your
                  | health and your magic reserves. [demonic ancestry]
 22485 | Orc:2    | Reached XP level 13. HP: 75/98 MP: 0/27
 23117 | Orc:2    | Found Dull's Jewellery Shoppe.
 23497 | Orc:2    | Found Amuttaq's General Store.
 23501 | Orc:2    | Bought an amulet of magic regeneration for 450 gold pieces
 23516 | Orc:2    | Found Xemotoka's Jewellery Emporium.
 23517 | Orc:2    | Found Cimumexu's Distillery.
 23530 | Orc:2    | Bought a potion of haste for 130 gold pieces
 23530 | Orc:2    | Bought a potion of curing for 39 gold pieces
 23531 | Orc:2    | Found a runed translucent door.
 23704 | Orc:2    | Found Qyntupun's Jewellery Shoppe.
 23738 | Orc:2    | Found Pilishredul's Jewellery Shoppe.
 23741 | Orc:2    | Found a staircase to the Elven Halls.
 23762 | Orc:2    | Found Esmidirgh's Distillery.
 23770 | Orc:2    | Bought a potion of heal wounds for 60 gold pieces
 23770 | Orc:2    | Bought a potion of curing for 36 gold pieces
 23936 | Orc:2    | Found a shimmering altar of Xom.
 23936 | Orc:2    | Noticed ParallaxScroll's ghost (journeyman MDFi)
 24393 | Lair:1   | Entered Level 1 of the Lair of Beasts
 24934 | Lair:1   | Found a frozen archway.
 24950 | IceCv    | Entered an ice cave
 25976 | IceCv    | Noticed a reaper
 26014 | IceCv    | Killed a reaper
 26015 | IceCv    | Gained mutation: You have hoof-like feet. [demonic
                  | ancestry]
 26015 | IceCv    | Reached XP level 14. HP: 35/106 MP: 2/29
 27405 | Lair:2   | Noticed Amaemon
 27412 | Lair:2   | Killed Amaemon
 27524 | Lair:2   | Noticed Gastronok
 27571 | Lair:2   | Killed Gastronok
 27918 | Lair:2   | Identified the +9 sling of Opuer {flame, rC+ rN+ rCorr}
 28494 | Orc:2    | Bought the ring "Fuliun" {Int+8 SInv} for 543 gold pieces
 28892 | Orc:1    | Killed ParallaxScroll's ghost
 29033 | Orc:2    | Identified the staff of Ibbiamuip {rPois rC+ Will+ Str+2
                  | Int+5 Alchemy}
 29089 | Orc:2    | Mangled by a +2 quarterstaff of chaos

Illustrated notes

Levels and vault maps discovered:
D:1:      shiori_shiawase, layout_rooms, st_stairs_9,
          hangedman_decor_clover_reticule
D:2:      layout_basic, skrybe_limestone_x
D:3:      layout_rooms, mainiacjoe_sewer_entry_somewhere_in_here_1
D:4:      layout_basic, tgw_fedhas, lemuel_round_altar,
          minmay_temple_entry_gardened_gates, serial_shops, shop_statue,
          hangedman_decor_lopped, minmay_circle_x
D:5:      layout_basic, marbit_many_paths, uniq_prince_ribbit1
D:6:      layout_basic, okawaru_altar_gauntlet_db, fiery_altar_vehumet
D:7:      cheibrodos_fzero, layout_loops_ring, nzn_wu_jian_council_hall,
          nicolae_fountain_basement
D:8:      minmay_tri_box, layout_gridville, overflow_temple_1_default
D:9:      layout_gridville, nicolae_hepliaklqana_monster_ancestors,
          lemuel_coloured_pillars_altar, serial_glass, glass_columns_a,
          glass_columns_a
D:10:     layout_basic, mainiacjoe_overflow_six_doors_small,
          mainiacjoe_overflow_divided_tiny, due_lair_maze_entry_diamond
D:11:     layout_loops_ring, hiddenorc2_lemuel, uniq_nergalle, uniq_erica
D:12:     layout_rooms, serial_nicolae_subway, nicolae_sub_station_metal,
          nicolae_sub_station_stone, nicolae_sub_station_crystal, uniq_maurice
D:13:     layout_layer_cave, eat_drink_and_be_merry_uskayaw
Temple:   chequers_temple_sunken
Lair:1:   layout_cave_pods, portal_ice_cave_entry_ice_simulacra,
          chequers_serial_rivers_room_a, ldierk_geyser, lemuel_fruit_fields
Lair:2:   layout_regular_city, uniq_gastronok, uniq_amaemon
Orc:1:    layout_diamond_mine
Orc:2:    st_orc_open, layout_diamond_mine, ebering_ghost_xom, serial_shops,
          nicolae_shop_window_shopping, shop, shop, uniq_snorg

Skill      XL: |  1  2  3  4  5  6  7  8  9 10 11 12 13 14 |
---------------+-------------------------------------------+-----
Dodging        | 2 3 4 6 7 8 9 10 11 | 11.7
Fighting       | 1 2 3 4 5 6 7 8 9 |  9.2
Spellcasting   | 3 4 6 7 8 9 10 11 | 11.8
Conjurations   | 5 6 7 8 9 10 | 10.5
Fire Magic     | 2 3 4 6 8 |  8.8
Air Magic      | 2 4 6 7 8 |  8.4
Stealth        | |  1.7

Action                     |  1- 3 |  4- 6 |  7- 9 | 10-12 | 13-15 || total
---------------------------+-------+-------+-------+-------+-------++-------
  Melee: Unarmed           |    29 |       |       |       |       ||    29
         Scimitar          |     4 |     5 |       |       |       ||     9
         Kick              |       |     5 |    37 |    13 |       ||    55
         Dagger            |       |    17 |    65 |    80 |       ||   162
         Staff             |       |       |       |    17 |    42 ||    59
   Cast: Magic Dart        |    18 |     6 |     1 |    14 |     5 ||    44
         Searing Ray       |    23 |    37 |   111 |   277 |   110 ||   558
         Iskenderun's Batt |       |       |     1 |     7 |       ||     8
         Fireball          |       |       |       |    38 |    40 ||    78
         Freezing Cloud    |       |       |       |    15 |    42 ||    57
         Plasma Beam       |       |       |       |     1 |     5 ||     6
         Flame Wave        |       |       |       |       |    47 ||    47
 Invoke: Call Merchant     |       |       |     1 |     2 |       ||     3
         Potion Petition   |       |       |       |       |     1 ||     1
  Evoke: Wand              |       |       |       |     1 |     1 ||     2
    Use: Scroll            |       |       |     9 |     6 |     3 ||    18
         Potion            |       |       |       |     2 |     6 ||     8
 Armour: Robe              |    32 |    35 |     1 |    54 |   273 ||   395
         Ring mail         |       |       |   166 |   548 |       ||   714
  Dodge: Dodged            |    43 |    30 |    99 |   402 |   270 ||   844

Table legend: (Time is in decaauts)
 A = Elapsed time spent in this place.
 B = Non-inter-level travel time spent in this place.
 C = Inter-level travel time spent in this place.
 D = Time resting spent in this place.
 E = Time spent auto-exploring this place.
 F = Levels seen in this place.
 G = Mean time per level.
                   A        B        C        D        E       F      G
               +--------+--------+--------+--------+--------+-----+--------+
         Total |  29330 |  26452 |   2878 |   8403 |  12347 |  20 | 1466.5 |
       Dungeon |  20113 |  17599 |   2514 |   4891 |   9137 |  13 | 1547.2 |
        Temple |     43 |     24 |     19 |      0 |      0 |   1 |   43.0 |
          Lair |   2421 |   2339 |     82 |    443 |   1376 |   2 | 1210.5 |
  Orcish Mines |   3639 |   3378 |    261 |   1567 |    939 |   2 | 1819.5 |
         Sewer |   1822 |   1822 |      0 |    842 |    662 |   1 | 1822.0 |
      Ice Cave |   1289 |   1289 |      0 |    660 |    233 |   1 | 1289.0 |
               +--------+--------+--------+--------+--------+-----+--------+

Top non-repeatable levels by time:
    D:11: 2918 daAuts
    D:10: 2763 daAuts
   Orc:2: 2665 daAuts
     D:4: 2500 daAuts
   Sewer: 1822 daAuts
     D:8: 1815 daAuts
     D:6: 1696 daAuts
     D:5: 1647 daAuts
     D:7: 1525 daAuts
     D:9: 1522 daAuts
   IceCv: 1289 daAuts
  Lair:1: 1244 daAuts
     D:2: 1210 daAuts
  Lair:2: 1177 daAuts
   Orc:1: 973 daAuts
